 Dungeon Crawl Stone Soup version 0.19.0-19-g8c6edcc (webtiles) character file.

42 Gargoyl the Skirmisher (level 3, -3/29 HPs)
             Began as a Demonspawn Abyssal Knight on Nov 16, 2016.
             Was a Follower of Lugonu.
             Slain by an adder (4 damage)
             ... on level 2 of the Dungeon.
             The game lasted 00:02:01 (1185 turns).

Gargoyl the Skirmisher (Demonspawn Abyssal Knight)  Turns: 1185, Time: 00:02:02

Health: -3/29      AC:  8    Str: 11 (13) XL:     3   Next: 33%
Magic:  4/4        EV:  8    Int: 11 (13) God:    Lugonu [*.....]
Gold:   86         SH:  0    Dex: 10 (12) Spells: 0 memorised, 2 levels left

rFire  . . .     SeeInvis .     a - +1 hand axe
rCold  + . .     Gourm    .     j - +0 scale mail
rNeg   . . .     Faith    .     (no shield)
rPois  .         Spirit   .     d - +2 hat
rElec  .         Reflect  .     (no cloak)
rCorr  .         Harm     .     (no gloves)
MR     .....                    (no boots)
Stlth  ..........               (no amulet)
                                (no ring)
                                (no ring)

@: lethally poisoned (-3 -> -9)
A: cold resistance 1
a: Depart the Abyss, Renounce Religion


You were on level 2 of the Dungeon.
You worshipped Lugonu.
Lugonu was aware of your devotion.
You were not hungry.

You visited 1 branch of the dungeon, and saw 2 of its levels.
You visited the Abyss 1 time.

You collected 86 gold pieces.

Inventory:

Hand Weapons
 a - a +1 hand axe (weapon)
Armour
 d - a +2 hat (worn)
 j - a +0 scale mail (worn)
Scrolls
 f - a scroll of identify {unknown}
 g - 2 scrolls of remove curse {unknown}
 h - a scroll of teleportation {unknown}
 i - a scroll of amnesia {unknown}
Potions
 e - a potion of degeneration
Comestibles
 b - a beef jerky
 c - 2 bread rations
 l - 2 chunks of flesh


   Skills:
 + Level 3.4 Fighting
 + Level 2.2 Axes
 * Level 2.5 Armour
 + Level 1.0 Dodging
 * Level 2.6 Invocations


You had 2 spell levels left.
You didn't know any spells.

Dungeon Overview and Level Annotations

Branches:
Dungeon (2/15)

Altars:


Innate Abilities, Weirdness & Mutations

Your flesh is cold resistant. (rC+)


Message History

You hit the adder.
The adder is heavily wounded.
You hit the hobgoblin.
You kill the hobgoblin!
Lugonu accepts your kill.
* * * LOW HITPOINT WARNING * * *
You feel sick. The adder bites you but does no damage.
You miss the adder.
The adder is heavily wounded.
* * * LOW HITPOINT WARNING * * *
You feel sick.
The adder bites you but does no damage. x2
Your scale mail prevents you from hitting the adder.
The adder is heavily wounded.
* * * LOW HITPOINT WARNING * * *
You feel sick. The adder completely misses you.
You hit the adder.
The adder is almost dead.
* * * LOW HITPOINT WARNING * * *
You feel sick. The adder bites you but does no damage. The adder bites you.
You die...

#...## #.# #..... #...#.
. ... ....>. #.[... #.
#.####..... #....# #..
#.#....##.#....... #...
#.#....##.#.###### #....
#.#....##.#.......
......#.#(...##.###.....
#.....S@..............#.
#.##..†##....##.....#.##
#... #....##.....#.##
..... #....##.....#.#
....... #######....##.#
..(.... #........
....... #.#####.#
....... #.# ... ... #


You could see an adder.

Vanquished Creatures
  2 adders (D:2)
  A giant cockroach (D:1)
  6 goblins
  2 hobgoblins
  A bat (D:1)
  A frilled lizard (D:1)
  5 kobolds (D:1)
  4 rats (D:1)
22 creatures vanquished.

Notes
Turn   | Place    | Note
-------+----------+-------------------------------------------
     0 | Abyss:1  | Gargoyl the Demonspawn Abyssal Knight began the quest for the Orb.
     0 | Abyss:1  | Reached XP level 1. HP: 18/18 MP: 2/2
     1 | Abyss:1  | Found a corrupted altar of Lugonu.
    39 | Abyss:1  | Noticed an eidolon
    59 | Abyss:1  | Noticed a smoke demon
    63 | D:1      | Escaped the Abyss
   678 | D:1      | Gained mutation: Your flesh is cold resistant. (rC+) [demonic ancestry]
   678 | D:1      | Reached XP level 2. HP: 24/24 MP: 3/3
   782 | D:1      | Reached * piety under Lugonu
  1108 | D:2      | Reached XP level 3. HP: 27/29 MP: 4/4
  1129 | D:2      | Reached skill level 1 in Dodging
  1185 | D:2      | HP: 1/29 [poisoned by an adder]
  1185 | D:2      | Slain by an adder

Skill      XL: |  1  2  3 |
---------------+----------+-----
Armour         | 2 |  2.5
Axes           | 2 |  2.2
Dodging        | 1 |  1.0
Fighting       | |  3.4
Invocations    | |  2.6

Action                   || total
-------------------------++-------
Melee: Hand axe          ||   104
Invok: Depart the Abyss  ||     1
  Use: Potion            ||     3
  Eat: Chunk             ||     1
Armor: Leather armour    ||    23
       Scale mail        ||    31
Dodge: Dodged            ||    60
